 Dungeon Sprint DCSS version 0.19.0-11-g3fc08b3 (webtiles) character file.

3393 equalderp2856 the Ripper (level 9, -6/45 HPs)
             Began as a Felid Fighter on Nov 8, 2016.
             Killed by an exploding ballistomycete spore (21 damage)
             ... in the Dungeon (Sprint I: "Red Sonja").
             The game lasted 00:11:17 (1769 turns).

equalderp2856 the Ripper (Felid Fighter)            Turns: 1769, Time: 00:11:18

Health: -6/45      AC:  2    Str: 15    XL:     9   Next: 75%
Magic:  12/12      EV: 30    Int:  9    God:
Gold:   580        SH:  0    Dex: 16    Spells: 0 memorised, 8 levels left
                                        Lives:  0   Deaths: 2

rFire  . . .     SeeInvis +       - Unarmed
rCold  . . .     Gourm    .     (armour unavailable)
rNeg   . . .     Faith    .     (shield unavailable)
rPois  .         Spirit   .     (helmet unavailable)
rElec  .         Reflect  .     (cloak unavailable)
rCorr  .         Harm     .     (gloves unavailable)
MR     +....     NoTele   +     (boots unavailable)
Stlth  ++........               (no amulet)
                                (no ring)
                                (no ring)

@: confused, quick
A: no armour, no weapons or thrown items, stealth, claws 1, fangs 3, see
invisible, carnivore 3, speed 1, shaggy fur 2, slow metabolism 1, sharp paws
a: no special abilities


You were in the Dungeon.
You were not hungry.

You visited 1 branch You collected 772 gold pieces.
You spent 192 gold pieces at shops.

Inventory:

Wands
 j - a wand of flame (25/48)
 k - a wand of teleportation (3/9)
Scrolls
 h - a scroll of blinking
Potions
 a - a potion of might
 c - a potion of curing
 d - a potion of heal wounds
 e - a potion of haste
 f - 2 potions of magic
 g - a potion of berserk rage
Comestibles
 b - 2 meat rations


   Skills:
 + Level 9.2 Fighting
 + Level 13.9 Dodging
 + Level 7.7 Stealth
 + Level 17.5 Unarmed Combat
 + Level 2.7 Evocations


You had 8 spell levels left.
You didn't know any spells.

Dungeon Overview and Level Annotations

Branches:
Dungeon (1/1)

Altars:
Cheibriados
Dithmenos
Elyvilon
Fedhas
Gozag
Hepliaklqana
Kikubaaqudgha
Makhleb
Nemelex Xobeh
Okawaru
Qazlal
Ru
Sif Muna
Trog
Uskayaw
Vehumet
Xom
Yredelemnul
Zin
The Shining One
Jiyva
Lugonu

Shops:
D (}


Innate Abilities, Weirdness & Mutations

You cannot wear armour.
You are incapable of wielding weapons or throwing items.
Your paws allow you to move quietly. (Stealth)
You have sharp claws.
You have razor-sharp teeth.
You have supernaturally acute eyesight. (SInv)
You are carnivorous and can eat meat at any time.
You cover ground quickly.
You are covered in thick fur. (AC +2)
You have a slow metabolism.
Your sharp claws are effective at attacking unaware monsters.


Message History

Found 98 gold pieces, 2 potions of curing, a short sword and a whip.
Found 54 gold pieces.
There is an open door here.
Found 54 gold pieces.
You see here 27 gold pieces.
You see here a short sword.
The ballistomycete spore waves its rhizomes.
A ballistomycete grows in the wake of the ballistomycete spore.
You see here a whip.
You see here 27 gold pieces.
You now have 580 gold pieces (gained 27).
The ballistomycete spore explodes!
A fungus suddenly grows.
The explosion of spores engulfs you!
You are confused.
Ouch! That really hurt!
The explosion of spores engulfs the ballistomycete spore.
The ballistomycete spore explodes!
The explosion of spores engulfs you!
You are more confused.
You die... ####_..__##_.#'##§#####§### #_____###'#[#§...# #§§.# ############.####+### ###.# #∩........'...+ $T$

#§#
###++++####.).###########§#
###.###.......##§#
#$#'#$#xx......+.#
#P!$P$#+++######§# #@))$$#
JJ..§§#§# ####### §§.#+§#
§.≈#### ..§≈≈ ...≈≈≈#
≈≈≈≈## ####


There were no monsters in sight!

Vanquished Creatures
  2 centaur warriors (D)
  Sonja (D)
  An oklob plant (D)
  2 kobold demonologists (D)
  A hornet (D)
  A slime creature (D)
  Sigmund (D)
  2 redbacks (D)
  A yak (D)
  2 floating eyes (D)
  An ogre (D)
  A jelly (D)
  Ijyb (D)
17 creatures vanquished.

Vanquished Creatures (others)
  A gargoyle (D)
1 creature vanquished.

Grand Total: 18 creatures vanquished

Notes
Turn   | Place    | Note
-------+----------+-------------------------------------------
     0 | D        | equalderp2856 the Felid Fighter began the quest for the Orb.
     0 | D        | Reached XP level 1. HP: 10/10 MP: 2/2
     2 | D        | Noticed Ijyb
    17 | D        | Killed Ijyb
    17 | D        | Reached skill level 5 in Dodging
    17 | D        | Reached skill level 5 in Unarmed Combat
    17 | D        | Reached XP level 2. HP: 11/15 MP: 3/3
    19 | D        | Noticed an ogre
    23 | D        | Killed an ogre
    23 | D        | Reached skill level 5 in Fighting
    23 | D        | Reached skill level 7 in Unarmed Combat
    23 | D        | Reached XP level 3. HP: 14/19 MP: 4/4
    23 | D        | Reached XP level 4. HP: 17/23 MP: 5/5
   111 | D        | Noticed Sigmund
   125 | D        | Killed Sigmund
   125 | D        | Reached skill level 1 in Stealth
   125 | D        | Reached skill level 10 in Unarmed Combat
   125 | D        | Reached XP level 5. HP: 27/27 MP: 6/6
   125 | D        | Gained mutation: You are covered in thick fur. (AC +2) [Felid growth]
   125 | D        | Reached XP level 6. HP: 31/31 MP: 7/7
   140 | D        | Found a deep blue altar of Sif Muna.
   142 | D        | Found a radiant altar of Vehumet.
   184 | D        | Found Unkoere's Gadget Emporium.
   184 | D        | Found an ancient bone altar of Kikubaaqudgha.
   184 | D        | Found a hazy altar of Hepliaklqana.
   184 | D        | Found a stormy altar of Qazlal.
   184 | D        | Found a hide-covered altar of Uskayaw.
   184 | D        | Found a blossoming altar of Fedhas.
   184 | D        | Found a bloodstained altar of Trog.
   184 | D        | Found an iron altar of Okawaru.
   184 | D        | Found a basalt altar of Yredelemnul.
   184 | D        | Found a glowing golden altar of the Shining One.
   184 | D        | Found a snail-covered altar of Cheibriados.
   184 | D        | Found a sacrificial altar of Ru.
   184 | D        | Found a glowing silver altar of Zin.
   184 | D        | Found a shadowy altar of Dithmenos.
   184 | D        | Found a white marble altar of Elyvilon.
   184 | D        | Noticed a yak
   190 | D        | Killed a yak
   190 | D        | Reached skill level 11 in Unarmed Combat
   191 | D        | Found an opulent altar of Gozag.
   192 | D        | Found a sparkling altar of Nemelex Xobeh.
   286 | D        | Found a burning altar of Makhleb.
   286 | D        | Found a viscous altar of Jiyva.
   286 | D        | Found a shimmering altar of Xom.
   286 | D        | Found a corrupted altar of Lugonu.
   286 | D        | Noticed a slime creature
   291 | D        | Slain by a slime creature
   292 | D        | Reached XP level 5. HP: -3/28 MP: 6/6
   297 | D        | Killed a slime creature
   297 | D        | Reached skill level 10 in Dodging
   297 | D        | Reached skill level 12 in Unarmed Combat
   297 | D        | Reached XP level 6. HP: 33/33 MP: 7/7
   321 | D        | Noticed a kobold demonologist
   321 | D        | Noticed a floating eye
   322 | D        | Noticed a kobold demonologist
   324 | D        | Killed a floating eye
   337 | D        | Killed a kobold demonologist
   337 | D        | Reached skill level 13 in Unarmed Combat
   337 | D        | Reached XP level 7. HP: 30/36 MP: 8/8
   342 | D        | Killed a kobold demonologist
   342 | D        | Reached skill level 14 in Unarmed Combat
   342 | D        | Reached XP level 8. HP: 34/40 MP: 9/9
   366 | D        | Noticed a centaur warrior
   369 | D        | Noticed a centaur warrior
   417 | D        | Bought a wand of flame (30/48) for 192 gold pieces
   443 | D        | Noticed a demonic crawler
   443 | D        | Noticed a demonic crawler
   443 | D        | Noticed a demonic crawler
   443 | D        | Noticed a demonic crawler
   504 | D        | Mangled by a centaur warrior
   505 | D        | Reached XP level 7. HP: -6/37 MP: 8/8
   518 | D        | Killed a centaur warrior
   518 | D        | Reached skill level 5 in Stealth
   518 | D        | Reached skill level 15 in Unarmed Combat
   518 | D        | Reached XP level 8. HP: 20/41 MP: 9/9
   710 | D        | Killed a centaur warrior
   710 | D        | Reached skill level 16 in Unarmed Combat
   710 | D        | Reached skill level 1 in Evocations
   905 | D        | Noticed a hornet
   970 | D        | Killed a hornet
   970 | D        | Reached XP level 9. HP: 45/45 MP: 11/11
   987 | D        | Noticed an oklob plant
  1196 | D        | Killed a gargoyle
  1277 | D        | Killed an oklob plant
  1467 | D        | Reached skill level 17 in Unarmed Combat
  1479 | D        | Noticed an unseen horror
  1479 | D        | Noticed an unseen horror
  1506 | D        | Noticed a deep troll
  1723 | D        | Noticed Sonja
  1727 | D        | Killed Sonja
  1742 | D        | Found Cogeliog's Antique Weapon Boutique.
  1769 | D        | Killed by an exploding ballistomycete spore

Skill      XL: |  1  2  3  4  5  6  7  8  9 |
---------------+----------------------------+-----
Fighting       | 4 5 6 7 8 9 |  9.2
Dodging        | 5 7 8 10 11 12 13 | 13.9
Unarmed Combat | 5 7 10 12 13 15 16 17 | 17.5
Stealth        | 1 3 4 5 6 7 |  7.7
Evocations     | 1 2 |  2.7

Action                   |  1- 3 |  4- 6 |  7- 9 || total
-------------------------+-------+-------+-------++-------
Melee: Unarmed           |    15 |    39 |    45 ||    99
       Bite              |     5 |     7 |    10 ||    22
       Punch             |       |     1 |     2 ||     3
Evoke: Wand              |       |       |     5 ||     5
 Stab: Sleeping          |     1 |     1 |     1 ||     3
Armor: Skin              |     2 |     1 |       ||     3
Dodge: Dodged            |     9 |    30 |    31 ||    70
